[Event "DPMM 2023-24"]
[Site "Germany"]
[Date "2024.01.27"]
[Round "10.4"]
[White "Hesse, Henrik"]
[Black "Ehlers, Michael"]
[Result "1-0"]
[ECO "A22"]
[WhiteElo "2312"]
[BlackElo "1965"]
[PlyCount "81"]
[EventDate "2024.03.14"]
[EventType "team-tourn"]
[EventCountry "GER"]
[TimeControl "40/6000:20/3000:0"]

1. c4 e5 2. g3 Nf6 3. Bg2 Bc5 4. Nc3 O-O 5. e3 Re8 6. d3 c6 7. Qb3 Qb6 8. Qxb6 Bxb6 9. Nge2 d6 10. O-O Bf5 11. e4 Be6 12. b3 Na6 13. Bb2 Nb4 14. Rad1 Bg4 15. Rd2 Rad8 16. a3 Na6 17. b4 Be6 18. Na4 Bc7 19. Rc1 Bd7 20. Nac3 Be6 21. h3 Nb8 22. Nd5 cxd5 23. cxd5 Bxd5 24. Rxc7 Bc6 25. b5 Rd7 26. Rxd7 Bxd7 27. a4 Rc8 28. d4 a6 29. dxe5 dxe5 30. Bxe5 axb5 31. Bxb8 Rxb8 32. e5 bxa4 33. exf6 Be6 34. Bxb7 a3 35. Nc3 Bxh3 36. Bd5 gxf6 37. Ra2 Rb2 38. Rxa3 Be6 39. Ra7 Rc2 40. Bxe6 fxe6 41. Ne4 1-0

[Event "DPMM 2023-24"]
[Site "Germany"]
[Date "2024.01.27"]
[Round "10.4"]
[White "Armbrust, Florian"]
[Black "Ellenberg, Ekkehard"]
[Result "1-0"]
[ECO "B23"]
[WhiteElo "2282"]
[BlackElo "1998"]
[PlyCount "89"]
[EventDate "2024.03.14"]
[EventType "team-tourn"]
[EventCountry "GER"]
[TimeControl "40/6000:20/3000:0"]

1. e4 c5 2. Nc3 Nc6 3. Bb5 g6 4. Bxc6 dxc6 5. d3 Bg7 6. Be3 b6 7. Qd2 Be6 8. Nge2 Qd7 9. O-O Nf6 10. Bh6 O-O 11. Bxg7 Kxg7 12. f4 Rad8 13. Rad1 Bg4 14. Qe3 Bxe2 15. Nxe2 Qe6 16. b3 Ng4 17. Qf3 f5 18. Ng3 Nh6 19. Rde1 Qd7 20. exf5 Nxf5 21. Ne4 h6 22. Nd2 Nd4 23. Qd1 b5 24. Re5 Rf5 25. Rfe1 Rxe5 26. Rxe5 Rf8 27. Qe1 Rf7 28. c3 Nf5 29. Qe2 b4 30. Rxc5 bxc3 31. Nf3 Kg8 32. Qe5 Rf6 33. Rxc3 Qd5 34. Qxd5+ cxd5 35. Rc8+ Kg7 36. Rc7 Ra6 37. a4 Rb6 38. g4 Nd6 39. Rxe7+ Kf6 40. Rxa7 Rxb3 41. Ra6 Rxd3 42. Rxd6+ Ke7 43. Rd7+ Ke6 44. Kf2 Rc3 45. Ra7 1-0

[Event "DPMM 2023-24"]
[Site "Germany"]
[Date "2024.01.27"]
[Round "10.4"]
[White "Boidman, Yuri"]
[Black "Brendel, Oliver"]
[Result "1/2-1/2"]
[ECO "B27"]
[WhiteElo "2251"]
[BlackElo "2292"]
[PlyCount "59"]
[EventDate "2024.03.14"]
[EventType "team-tourn"]
[EventCountry "GER"]
[TimeControl "40/6000:20/3000:0"]

1. e4 c5 2. Nf3 g6 3. d4 cxd4 4. Qxd4 Nf6 5. e5 Nc6 6. Qa4 Nd5 7. Qe4 Nb6 8. Nc3 Bg7 9. Bf4 d5 10. exd6 Bf5 11. dxe7 Bxc3+ 12. bxc3 Bxe4 13. exd8=Q+ Rxd8 14. Nd4 O-O 15. O-O-O Nxd4 16. cxd4 Rc8 17. Rd2 Bd5 18. a3 Rfe8 19. Bb5 Re6 20. a4 a6 21. a5 axb5 22. axb6 Rxb6 23. Re1 b4 24. Rde2 b3 25. Re8+ Rxe8 26. Rxe8+ Kg7 27. cxb3 Bxg2 28. Kb2 Bd5 29. Re3 Be6 30. Be5+ 1/2-1/2

[Event "DPMM 2023-24"]
[Site "Germany"]
[Date "2024.01.27"]
[Round "10.4"]
[White "Bach, Matthias"]
[Black "Konovalov, Kiril"]
[Result "1-0"]
[ECO "E04"]
[WhiteElo "2210"]
[BlackElo "1911"]
[PlyCount "49"]
[EventDate "2024.03.14"]
[EventType "team-tourn"]
[EventCountry "GER"]
[TimeControl "40/6000:20/3000:0"]

1. d4 Nf6 2. c4 e6 3. Nf3 d5 4. g3 dxc4 5. Bg2 a6 6. O-O Nc6 7. e3 Bd7 8. Qe2 b5 9. b3 Na5 10. Bd2 c5 11. Ne5 Rc8 12. Nxd7 Nxd7 13. d5 exd5 14. Nc3 Nf6 15. e4 d4 16. e5 Qe7 17. exf6 Qxe2 18. Nxe2 c3 19. Nxc3 Nc6 20. Bg5 g6 21. Nd5 h6 22. Rfe1+ Kd8 23. Ne7 Bxe7 24. fxe7+ Ke8 25. Bf6 1-0

[Event "DPMM 2023-24"]
[Site "Germany"]
[Date "2024.01.27"]
[Round "10.4"]
[White "Stotyn, Fabian"]
[Black "Thannheiser, Thomas"]
[Result "1/2-1/2"]
[ECO "B77"]
[WhiteElo "2114"]
[BlackElo "2108"]
[PlyCount "81"]
[EventDate "2024.03.14"]
[EventType "team-tourn"]
[EventCountry "GER"]
[TimeControl "40/6000:20/3000:0"]

1. e4 c5 2. Nf3 d6 3. Nc3 Nf6 4. d4 cxd4 5. Nxd4 g6 6. Be3 Bg7 7. f3 Nc6 8. Qd2 O-O 9. Bc4 Nxd4 10. Bxd4 Qa5 11. Bb3 Be6 12. O-O Rfc8 13. Rfd1 Nd7 14. Bxg7 Kxg7 15. Qd4+ Qe5 16. Nd5 Bxd5 17. exd5 Rc7 18. c3 Qxd4+ 19. Rxd4 Nf6 20. Re1 Rac8 21. Kf2 a6 22. a4 a5 23. h4 Kf8 24. g4 Rc5 25. g5 Nh5 26. f4 Ng7 27. Bc2 R8c7 28. Bd3 Nf5 29. Bxf5 gxf5 30. Ke3 b5 31. Ra1 Rb7 32. Ra2 Kg7 33. h5 h6 34. axb5 Rcxb5 35. Rd2 Rc7 36. Kd4 Rcc5 37. c4 Rb4 38. Rc2 e6 39. dxe6 fxe6 40. g6 Kf6 41. Ra3 1/2-1/2

[Event "DPMM 2023-24"]
[Site "Germany"]
[Date "2024.01.27"]
[Round "10.4"]
[White "Cernov, Henrik"]
[Black "Kaestle, Reiner"]
[Result "0-1"]
[ECO "B07"]
[WhiteElo "2061"]
[BlackElo "2125"]
[PlyCount "114"]
[EventDate "2024.03.14"]
[EventType "team-tourn"]
[EventCountry "GER"]
[TimeControl "40/6000:20/3000:0"]

1. e4 d6 2. d4 Nf6 3. Nc3 Nbd7 4. g4 h6 5. h4 e5 6. Bh3 exd4 7. Qxd4 Ne5 8. f3 c5 9. Qf2 Be6 10. Bf4 Nfd7 11. Bg3 Qb6 12. b3 O-O-O 13. Nge2 g5 14. h5 Bg7 15. Rd1 Nb8 16. O-O Nbc6 17. Qg2 Rhe8 18. Bf2 Qa5 19. Be1 Qb6 20. a3 Nd4 21. Nxd4 cxd4 22. Bf2 Nc6 23. b4 Bc4 24. Rfe1 Qa6 25. Nb1 Kb8 26. Nd2 Be5 27. Rb1 Bb5 28. Red1 Qxa3 29. Nb3 Rc8 30. Be1 Qa6 31. Ra1 Qb6 32. Bf2 Bc4 33. Na5 Qb5 34. Nxc6+ Rxc6 35. Bxd4 Bxd4+ 36. Rxd4 Qxb4 37. Qf2 Qb6 38. Rad1 Qc7 39. Qd2 Be6 40. Rxd6 Rxc2 41. Qd3 Qc5+ 42. Rd4 Rc8 43. Bg2 Rc4 44. Qe3 Rxd4 45. Rxd4 Qc1+ 46. Qxc1 Rxc1+ 47. Kf2 Kc7 48. Bf1 a6 49. Ra4 Rc6 50. Ra5 b5 51. Bxb5 axb5 52. Rxb5 Kd6 53. Rb8 Ke5 54. Kg3 Kf6 55. Rg8 Rc8 56. e5+ Kxe5 57. Rg7 Rh8 0-1

[Event "DPMM 2023-24"]
[Site "Germany"]
[Date "2024.01.27"]
[Round "10.4"]
[White "Hornberger-Wissing, Rainer"]
[Black "Beyerlein, Andreas"]
[Result "0-1"]
[ECO "D02"]
[WhiteElo "2006"]
[BlackElo "2167"]
[PlyCount "124"]
[EventDate "2024.03.14"]
[EventType "team-tourn"]
[EventCountry "GER"]
[TimeControl "40/6000:20/3000:0"]

1. Nf3 d5 2. g3 Nc6 3. d4 Bg4 4. Bg2 Qd7 5. Ne5 Nxe5 6. dxe5 O-O-O 7. Qd4 Kb8 8. Be3 b6 9. Nc3 c6 10. Bf4 Kb7 11. h3 Bf5 12. b4 e6 13. Rb1 f6 14. g4 Bg6 15. O-O fxe5 16. Bxe5 Nf6 17. a4 Bd6 18. e4 Bxe5 19. Qxe5 Rhe8 20. Rbd1 Qc7 21. Qg5 d4 22. e5 Nd5 23. Nxd5 exd5 24. f4 Bxc2 25. Rxd4 Bxa4 26. Rc1 Qe7 27. Qf5 g6 28. Qd3 Bb5 29. Qg3 Bc4 30. Rdxc4 dxc4 31. Rxc4 Kb8 32. Bxc6 Rd1+ 33. Kh2 Rd2+ 34. Kg1 Red8 35. f5 Rd1+ 36. Kh2 R1d2+ 37. Bg2 R8d3 38. Qf4 g5 39. Qe4 Rd5 40. Rc2 R2d4 41. f6 Qxe5+ 42. Qxe5+ Rxe5 43. Rf2 Rd8 44. f7 Rf8 45. Bf1 b5 46. Bd3 Re7 47. Rf5 Rfxf7 48. Rxb5+ Rb7 49. Rxg5 Rxb4 50. Rg8+ Kc7 51. Rh8 Rb2+ 52. Kg1 Rb3 53. Rxh7 Rxh7 54. Bxh7 Rxh3 55. Bf5 a5 56. Kg2 Rh8 57. Be6 Kd6 58. Ba2 Ke5 59. Kg3 Rc8 60. Bf7 Rc7 61. Be8 Kf6 62. Kf4 Rc4+ 0-1

[Event "DPMM 2023-24"]
[Site "Germany"]
[Date "2024.01.27"]
[Round "10.4"]
[White "Koch, Yannick"]
[Black "Eichstaedt, Axel"]
[Result "0-1"]
[ECO "A57"]
[WhiteElo "1984"]
[BlackElo "1883"]
[PlyCount "84"]
[EventDate "2024.03.14"]
[EventType "team-tourn"]
[EventCountry "GER"]
[TimeControl "40/6000:20/3000:0"]

1. d4 Nf6 2. c4 g6 3. f3 c5 4. d5 b5 5. cxb5 a6 6. e4 d6 7. Nc3 Bg7 8. bxa6 Nxa6 9. Bb5+ Nd7 10. Nge2 O-O 11. O-O Qb6 12. Be3 Ne5 13. Rb1 Qa5 14. Nc1 Nc7 15. Be2 Ba6 16. Bxa6 Qxa6 17. b3 Nb5 18. Nxb5 Qxb5 19. Qc2 Ra3 20. h3 Rfa8 21. f4 Nd7 22. Bd2 Bd4+ 23. Rf2 Nf6 24. g4 c4 25. Kg2 Bxf2 26. Kxf2 cxb3 27. Rxb3 Rxb3 28. Nxb3 Qa4 29. Kf3 Qxa2 30. Qxa2 Rxa2 31. Be3 Nd7 32. Nd4 Kf8 33. Nc6 Ra4 34. e5 dxe5 35. fxe5 Ke8 36. h4 f6 37. exf6 Nxf6 38. Bg5 Nxd5 39. Ne5 Nf6 40. Kg3 Re4 41. Nf3 Rxg4+ 42. Kh3 Re4 0-1

[Event "DPMM 2023-24"]
[Site "Germany"]
[Date "2024.01.27"]
[Round "10.4"]
[White "Neuenbaeumer, Jan Holger"]
[Black "Pietzsch, Manuel"]
[Result "0-1"]
[ECO "B33"]
[WhiteElo "1940"]
[BlackElo "2055"]
[PlyCount "140"]
[EventDate "2024.03.14"]
[EventType "team-tourn"]
[EventCountry "GER"]
[TimeControl "40/6000:20/3000:0"]

1. e4 c5 2. Nf3 Nc6 3. d4 cxd4 4. Nxd4 Nf6 5. Nc3 e5 6. Ndb5 d6 7. Nd5 Nxd5 8. exd5 Ne7 9. c4 Ng6 10. Be3 Be7 11. Qd2 a6 12. Nc3 Bd7 13. g3 f5 14. f3 O-O 15. Be2 Rb8 16. O-O b5 17. cxb5 axb5 18. b4 h5 19. Bd3 h4 20. Qe2 Qe8 21. Qd2 f4 22. Qc2 fxe3 23. Bxg6 Qc8 24. Qd3 Rf6 25. Be4 Qe8 26. Qxe3 hxg3 27. hxg3 Rh6 28. g4 Qd8 29. Kg2 Bg5 30. Qd3 Qb6 31. Ne2 Rc8 32. Rh1 Qe3 33. Rxh6 Bxh6 34. Bh7+ Kf8 35. Rh1 Rc4 36. a3 Rc7 37. Qxe3 Bxe3 38. Rd1 Ke7 39. Rd3 Bb6 40. Rb3 Be8 41. Be4 Kf6 42. Kf1 Kg5 43. Ke1 Rc8 44. Kd2 Bd7 45. Rc3 Rh8 46. Ng3 Rh2+ 47. Kd3 g6 48. Ne2 Rh3 49. Kd2 Rh2 50. Rc2 Rf2 51. Kc3 Rf1 52. Kd3 Rd1+ 53. Kc3 Re1 54. Kd2 Ra1 55. Rc3 Rf1 56. Rc1 Rxc1 57. Kxc1 Ba7 58. Kd2 Bb6 59. Bd3 Be8 60. Nc3 Kf4 61. Ke2 Bd4 62. Bxb5 Bf7 63. Ne4 Bxd5 64. Be8 g5 65. Bg6 Bc4+ 66. Kd2 d5 67. Nd6 Kxf3 68. Nxc4 dxc4 69. Bf7 c3+ 70. Kd3 e4+ 0-1

[Event "DPMM 2023-24"]
[Site "Germany"]
[Date "2024.01.27"]
[Round "10.4"]
[White "Braun, Burkhard"]
[Black "Grewe, Ludger"]
[Result "0-1"]
[ECO "B30"]
[WhiteElo "1850"]
[BlackElo "2122"]
[PlyCount "64"]
[EventDate "2024.03.14"]
[EventType "team-tourn"]
[EventCountry "GER"]
[TimeControl "40/6000:20/3000:0"]

1. e4 c5 2. Nf3 e6 3. c3 d5 4. Bb5+ Nc6 5. exd5 Qxd5 6. O-O Nf6 7. d4 cxd4 8. Nxd4 Bd7 9. Bxc6 bxc6 10. Be3 Be7 11. Nd2 O-O 12. Qe2 Rfd8 13. b4 c5 14. Nc2 cxb4 15. Nxb4 Bxb4 16. cxb4 Bb5 17. Qd1 Bxf1 18. Qxf1 Rdb8 19. a3 a5 20. bxa5 Rxa5 21. Qc1 Ra4 22. Qc2 Rba8 23. Nf1 h6 24. Qb2 Kh7 25. h3 Ne4 26. Bc1 Qd3 27. Qb6 Nc3 28. Bb2 Nb5 29. Ne3 Nxa3 30. Qc7 Nb5 31. Qe5 Rxa1+ 32. Bxa1 Qb1+ 0-1

[Event "DPMM 2023-24"]
[Site "Germany"]
[Date "2024.01.28"]
[Round "20.1"]
[White "Wagner, Dennis"]
[Black "Parsch, Christian"]
[Result "1-0"]
[ECO "E14"]
[WhiteElo "2620"]
[BlackElo "1984"]
[PlyCount "65"]
[EventDate "2024.03.14"]
[EventType "team-tourn"]
[EventCountry "GER"]
[TimeControl "40/6000:20/3000:0"]

1. c4 e6 2. Nf3 d5 3. e3 Nf6 4. Nc3 Be7 5. b3 O-O 6. Bb2 c5 7. d4 Nc6 8. Bd3 b6 9. O-O Bb7 10. cxd5 Nxd5 11. dxc5 Nxc3 12. Bxc3 Bxc5 13. Qb1 f5 14. a3 a5 15. Bc4 Qe8 16. Qb2 Qg6 17. g3 Kh8 18. b4 axb4 19. axb4 Be7 20. b5 Na5 21. Ne5 Qh6 22. Be2 Qh3 23. Bf3 Nc4 24. Bxb7 Nxb2 25. Bxa8 Bc5 26. Bxb2 Kg8 27. Nd7 Rc8 28. Bb7 Rc7 29. Ra8+ Kf7 30. Ne5+ Ke7 31. Bc6 Qh5 32. Bf3 Qh6 33. Rd1 1-0

[Event "DPMM 2023-24"]
[Site "Germany"]
[Date "2024.01.28"]
[Round "20.1"]
[White "Winterberg, Lukas"]
[Black "Vogel, Christian"]
[Result "1-0"]
[ECO "E94"]
[WhiteElo "2420"]
[BlackElo "2114"]
[PlyCount "113"]
[EventDate "2024.03.14"]
[EventType "team-tourn"]
[EventCountry "GER"]
[TimeControl "40/6000:20/3000:0"]

1. Nf3 Nf6 2. c4 g6 3. d4 Bg7 4. Nc3 O-O 5. e4 d6 6. Be2 e5 7. O-O c6 8. dxe5 dxe5 9. Qxd8 Rxd8 10. h3 Re8 11. Be3 Nh5 12. Rfd1 Nf4 13. Bf1 Nd7 14. Rd2 Ne6 15. Rad1 Ndf8 16. g4 Nf4 17. Kh2 N8e6 18. b4 f6 19. c5 a5 20. b5 Bf8 21. Na4 Be7 22. Bc4 Kf8 23. Kg3 g5 24. Rb2 cxb5 25. Bxb5 Rd8 26. Rxd8+ Bxd8 27. Rd2 Ke7 28. Rd1 h5 29. Bc1 Nc7 30. Nb6 Nxb5 31. Nxa8 Ne2+ 32. Kh2 hxg4 33. Nxe5 gxh3 34. Nf7 Bc7+ 35. Nxc7 Nxc7 36. Nd6 Be6 37. Nxb7 Nc3 38. Re1 Nxa2 39. Nxa5 Nb4 40. Rd1 Nb5 41. f3 Bd7 42. Bb2 Be6 43. Rb1 Nd3 44. Bxf6+ Kxf6 45. Rxb5 Ne5 46. Kg3 h2 47. Kxh2 Nxf3+ 48. Kg3 Nd4 49. Rb6 Ke5 50. Nc6+ Nxc6 51. Rxc6 Bc4 52. Rd6 Bb5 53. Kg4 Ba4 54. Kxg5 Bc2 55. Rd8 Ba4 56. Kg6 Bc6 57. Kf7 1-0

[Event "DPMM 2023-24"]
[Site "Germany"]
[Date "2024.01.28"]
[Round "20.1"]
[White "Zuferi, Enis"]
[Black "Cernov, Vadim"]
[Result "1-0"]
[ECO "E48"]
[WhiteElo "2400"]
[BlackElo "2255"]
[PlyCount "65"]
[EventDate "2024.03.14"]
[EventType "team-tourn"]
[EventCountry "GER"]
[TimeControl "40/6000:20/3000:0"]

1. d4 Nf6 2. c4 e6 3. Nc3 Bb4 4. e3 O-O 5. Bd3 d5 6. cxd5 exd5 7. a3 Bd6 8. Qc2 c6 9. Nge2 a5 10. Bd2 Na6 11. O-O Re8 12. Rad1 Ng4 13. h3 Nh2 14. Rfe1 Nf3+ 15. gxf3 Qg5+ 16. Kh1 Bxh3 17. Ng3 Qh4 18. f4 Re6 19. Kg1 Rh6 20. Bf5 Re8 21. Bxh3 Qxh3 22. Qf5 Qh2+ 23. Kf1 Rh4 24. e4 g6 25. Qd7 Re6 26. Qd8+ Kg7 27. e5 Rg4 28. f5 Be7 29. f6+ Bxf6 30. Nf5+ gxf5 31. exf6+ Rxf6 32. Re8 Rg1+ 33. Ke2 1-0

[Event "DPMM 2023-24"]
[Site "Germany"]
[Date "2024.01.28"]
[Round "20.1"]
[White "Hesse, Henrik"]
[Black "Malek, Daniel"]
[Result "1-0"]
[ECO "A13"]
[WhiteElo "2312"]
[BlackElo "2278"]
[PlyCount "117"]
[EventDate "2024.03.14"]
[EventType "team-tourn"]
[EventCountry "GER"]
[TimeControl "40/6000:20/3000:0"]

1. c4 Nf6 2. g3 e6 3. Bg2 d5 4. Nf3 d4 5. O-O c5 6. e3 Nc6 7. exd4 cxd4 8. d3 Bd6 9. Na3 O-O 10. Nc2 e5 11. b4 Re8 12. Re1 a6 13. a4 h6 14. Ba3 Bf5 15. c5 Bb8 16. b5 Na5 17. Bb4 Bh7 18. Nd2 Bxd3 19. Bxa5 Qxa5 20. Nxd4 axb5 21. Bxb7 exd4 22. Rxe8+ Nxe8 23. Nb3 Qb4 24. Bxa8 bxa4 25. Qe1 Qxe1+ 26. Rxe1 Nc7 27. Nxd4 a3 28. Nc6 Nxa8 29. Nxb8 Nc7 30. Ra1 Nb5 31. Nc6 Be4 32. Nb4 f5 33. c6 Kf7 34. Rc1 Nc7 35. Rc3 Ke6 36. Rxa3 Kd6 37. f3 Bxc6 38. Nxc6 Kxc6 39. Ra5 f4 40. gxf4 Kd6 41. Ra7 Ne6 42. Rf7 g5 43. fxg5 Nxg5 44. Rf6+ Ke5 45. Rxh6 Nxf3+ 46. Kf2 Ng5 47. Kg3 Kf5 48. Ra6 Nf7 49. Ra4 Ne5 50. Ra5 Kf6 51. Kf4 Ng6+ 52. Kg4 Nh8 53. Ra6+ Kg7 54. Kf5 Nf7 55. Ra7 Kg8 56. Kf6 Nd6 57. h4 Ne8+ 58. Kg6 Kf8 59. Ra8 1-0

[Event "DPMM 2023-24"]
[Site "Germany"]
[Date "2024.01.28"]
[Round "20.1"]
[White "Henning, Marvin"]
[Black "Eichstaedt, Mirko"]
[Result "0-1"]
[ECO "C85"]
[WhiteElo "2099"]
[BlackElo "2229"]
[PlyCount "100"]
[EventDate "2024.03.14"]
[EventType "team-tourn"]
[EventCountry "GER"]
[TimeControl "40/6000:20/3000:0"]

1. e4 e5 2. Nf3 Nc6 3. Bb5 a6 4. Ba4 Nf6 5. O-O Be7 6. Bxc6 dxc6 7. Re1 Nd7 8. d4 exd4 9. Qxd4 O-O 10. Bf4 Nc5 11. Qc3 Ne6 12. Bg3 c5 13. Nbd2 b6 14. Rad1 Bb7 15. h4 Qe8 16. h5 h6 17. Nf1 Rd8 18. Rd3 Qa4 19. b3 Qb4 20. Qa1 Qb5 21. c4 Qa5 22. Rd5 Bf6 23. Qb1 b5 24. Ne3 Bxd5 25. cxd5 Nd4 26. e5 Bg5 27. Nxd4 cxd4 28. Nf5 Rxd5 29. Qe4 d3 30. f4 d2 31. Rd1 Rc5 32. fxg5 Rc1 33. Qg4 Qb4 34. Qxb4 Rxd1+ 35. Kf2 Rf1+ 36. Kxf1 d1=Q+ 37. Kf2 Qc2+ 38. Kg1 Qxf5 39. gxh6 gxh6 40. Qe1 Rd8 41. Qe2 Rd4 42. Kh2 Rg4 43. e6 fxe6 44. Bxc7 Rh4+ 45. Kg3 Rxh5 46. Qd1 e5 47. Qd8+ Qf8 48. Qd5+ Qf7 49. Qd8+ Kh7 50. Qd3+ Qg6+ 0-1

[Event "DPMM 2023-24"]
[Site "Germany"]
[Date "2024.01.28"]
[Round "20.2"]
[White "Melamed, Tatjana"]
[Black "Tscheuschner, Georg"]
[Result "1/2-1/2"]
[ECO "B22"]
[WhiteElo "2354"]
[BlackElo "2250"]
[PlyCount "112"]
[EventDate "2024.03.14"]
[EventType "team-tourn"]
[EventCountry "GER"]
[TimeControl "40/6000:20/3000:0"]

1. e4 c5 2. c3 Nf6 3. e5 Nd5 4. Nf3 d6 5. Bb5+ Bd7 6. Bc4 e6 7. d4 cxd4 8. Bxd5 exd5 9. O-O Be7 10. exd6 Bxd6 11. Re1+ Be6 12. Nxd4 O-O 13. Nd2 Nc6 14. Nxe6 fxe6 15. Nf3 Qe7 16. Bg5 Qf7 17. Bh4 Rae8 18. Qd3 h6 19. Rad1 Qf5 20. Qxf5 Rxf5 21. Bg3 Bxg3 22. hxg3 a5 23. g4 Rff8 24. g5 Kf7 25. gxh6 gxh6 26. Re3 Rg8 27. Nh2 Rg6 28. Kf1 h5 29. g3 Ne7 30. Nf3 Nf5 31. Red3 Kf6 32. Ke2 Rg4 33. Rh1 Re4+ 34. Kd2 Rh8 35. Nd4 Rg4 36. Rf3 h4 37. gxh4 Rhxh4 38. Rxh4 Rxh4 39. Nxf5 exf5 40. Rd3 Ke5 41. Re3+ Kd6 42. Re8 d4 43. Rd8+ Kc5 44. Rc8+ Kd6 45. c4 Rf4 46. Ke2 b6 47. b3 Re4+ 48. Kd3 Rf4 49. Ke2 Kd7 50. Rh8 Re4+ 51. Kf3 d3 52. Rh1 Re2 53. Rd1 Rxa2 54. Rxd3+ Kc6 55. Ke3 f4+ 56. Kxf4 Rxf2+ 1/2-1/2

[Event "DPMM 2023-24"]
[Site "Germany"]
[Date "2024.01.28"]
[Round "20.2"]
[White "Nassr, Ali"]
[Black "Degenhard, Simon"]
[Result "1/2-1/2"]
[ECO "D35"]
[WhiteElo "2244"]
[BlackElo "2209"]
[PlyCount "51"]
[EventDate "2024.03.14"]
[EventType "team-tourn"]
[EventCountry "GER"]
[TimeControl "40/6000:20/3000:0"]

1. d4 Nf6 2. Nf3 e6 3. Bf4 d5 4. c4 c5 5. Nc3 a6 6. dxc5 Bxc5 7. e3 Nc6 8. cxd5 Nxd5 9. Nxd5 exd5 10. Be2 d4 11. exd4 Nxd4 12. O-O O-O 13. Rc1 Qf6 14. Bc7 Nxe2+ 15. Qxe2 Ba7 16. Qe4 Qf5 17. Qxf5 Bxf5 18. Rfe1 Rfe8 19. Ba5 Be4 20. Ng5 Bd5 21. a3 f6 22. Nh3 g5 23. Rxe8+ Rxe8 24. Rd1 Bc6 25. Bc3 Re6 26. Rd8+ 1/2-1/2

[Event "DPMM 2023-24"]
[Site "Germany"]
[Date "2024.01.28"]
[Round "20.2"]
[White "Mueller, Dominik"]
[Black "Haufe, Laurin"]
[Result "1/2-1/2"]
[ECO "E65"]
[WhiteElo "2230"]
[BlackElo "2171"]
[PlyCount "34"]
[EventDate "2024.03.14"]
[EventType "team-tourn"]
[EventCountry "GER"]
[TimeControl "40/6000:20/3000:0"]

1. c4 c5 2. Nc3 Nc6 3. g3 Nf6 4. Bg2 g6 5. Nf3 Bg7 6. O-O O-O 7. d4 cxd4 8. Nxd4 d6 9. Nxc6 bxc6 10. Qc2 Be6 11. b3 Bf5 12. Qd2 Ne4 13. Bxe4 Bxe4 14. Bb2 Bf5 15. e4 Bh3 16. Rfe1 Qa5 17. f3 h5 1/2-1/2

[Event "DPMM 2023-24"]
[Site "Germany"]
[Date "2024.01.28"]
[Round "20.2"]
[White "Josch, Sylvio"]
[Black "Braun, Arik"]
[Result "0-1"]
[ECO "B06"]
[WhiteElo "2158"]
[BlackElo "2599"]
[PlyCount "82"]
[EventDate "2024.03.14"]
[EventType "team-tourn"]
[EventCountry "GER"]
[TimeControl "40/6000:20/3000:0"]

1. e4 g6 2. d4 Bg7 3. Nc3 d6 4. Be3 a6 5. Qd2 b5 6. a4 b4 7. Na2 a5 8. c3 Nf6 9. f3 bxc3 10. bxc3 O-O 11. Nc1 Nbd7 12. Bb5 Bb7 13. Nh3 c6 14. Bd3 e5 15. O-O d5 16. Nf2 Re8 17. Nb3 Qc7 18. Rab1 Bf8 19. c4 exd4 20. Bf4 Qd8 21. Nxd4 Bb4 22. Rxb4 axb4 23. Qxb4 dxe4 24. Bxe4 Qc8 25. Rb1 Ra7 26. Qd6 c5 27. Bxb7 Qxb7 28. Nb5 Rxa4 29. Nd3 Rxc4 30. Na3 Rb4 31. Nxb4 cxb4 32. Qd4 Nd5 33. Bh6 Qb6 34. Nc2 Qxd4+ 35. Nxd4 Nc5 36. Kf2 f6 37. Bd2 b3 38. Nb5 Nd3+ 39. Kf1 b2 40. Nc3 Nxc3 41. Bxc3 Rc8 0-1

[Event "DPMM 2023-24"]
[Site "Germany"]
[Date "2024.01.28"]
[Round "20.2"]
[White "Jenner, Meikel"]
[Black "Ronge, Tim"]
[Result "0-1"]
[ECO "B30"]
[WhiteElo "1980"]
[BlackElo "2315"]
[PlyCount "72"]
[EventDate "2024.03.14"]
[EventType "team-tourn"]
[EventCountry "GER"]
[TimeControl "40/6000:20/3000:0"]

1. e4 c5 2. Nc3 Nc6 3. Bb5 Nd4 4. Bc4 e6 5. Nf3 Nf6 6. d3 a6 7. Nxd4 cxd4 8. Ne2 Qc7 9. Bb3 Bc5 10. c3 dxc3 11. bxc3 d5 12. d4 Be7 13. e5 Nd7 14. O-O Nb6 15. Qd3 Bd7 16. a4 O-O-O 17. Ba3 Bxa3 18. Rxa3 Kb8 19. a5 Bb5 20. axb6 Qe7 21. Qxb5 axb5 22. Rfa1 Kc8 23. Ra5 Kd7 24. Bc2 Rc8 25. Rxb5 Ra8 26. Rab1 Ra2 27. Bd3 Rc8 28. R5b3 Kd8 29. g3 Ra3 30. Rb4 Rca8 31. Kg2 Ra1 32. R1b3 Rd1 33. Bb5 Rd2 34. f4 Raa2 35. Kf3 g5 36. Ra4 Rxe2 0-1

[Event "DPMM 2023-24"]
[Site "Germany"]
[Date "2024.01.28"]
[Round "20.3"]
[White "Farmani Anosheh, Yasha"]
[Black "Schaefer, Daniel"]
[Result "1-0"]
[ECO "D02"]
[WhiteElo "2147"]
[BlackElo "1945"]
[PlyCount "59"]
[EventDate "2024.03.14"]
[EventType "team-tourn"]
[EventCountry "GER"]
[TimeControl "40/6000:20/3000:0"]

1. Nf3 d5 2. g3 Nf6 3. Bg2 c5 4. O-O Nc6 5. d4 Bf5 6. c4 e6 7. Nc3 Rc8 8. Qa4 Be7 9. Rd1 Qa5 10. Qxa5 Nxa5 11. cxd5 exd5 12. dxc5 Bxc5 13. Nxd5 Ng4 14. e3 Nc6 15. h3 Nge5 16. Nxe5 Nxe5 17. b4 Bf8 18. Bb2 f6 19. Bd4 Nc6 20. Bc3 Kf7 21. Rac1 Ne5 22. Nf4 Be7 23. Bxb7 Rb8 24. Bd5+ Kf8 25. Ne6+ Kf7 26. Nd4+ Kg6 27. Nxf5 Kxf5 28. g4+ Kg6 29. f4 Nd7 30. Be4+ 1-0

[Event "DPMM 2023-24"]
[Site "Germany"]
[Date "2024.01.28"]
[Round "20.3"]
[White "Busche, Stefan"]
[Black "Puth, Dieter"]
[Result "1-0"]
[ECO "C47"]
[WhiteElo "2062"]
[BlackElo "2149"]
[PlyCount "75"]
[EventDate "2024.03.14"]
[EventType "team-tourn"]
[EventCountry "GER"]
[TimeControl "40/6000:20/3000:0"]

1. e4 e5 2. Nf3 Nc6 3. Nc3 Nf6 4. d4 exd4 5. Nxd4 Bb4 6. Nxc6 bxc6 7. Bd3 d5 8. exd5 cxd5 9. O-O O-O 10. h3 Re8 11. Qf3 c6 12. Bf4 Be6 13. Na4 Qa5 14. b3 Ne4 15. Bxe4 dxe4 16. Qg3 Bf5 17. c3 Bf8 18. Bc7 Qa6 19. c4 Re6 20. Qf4 Bg6 21. Rad1 Rae8 22. Bd6 Bxd6 23. Rxd6 Rxd6 24. Qxd6 h5 25. Rd1 Kh7 26. Qc5 Qb7 27. Rd6 Rc8 28. Qd4 Rc7 29. h4 f5 30. Qe3 Qb4 31. Nc5 f4 32. Qxf4 Qe1+ 33. Kh2 Rf7 34. Qg5 Rf6 35. Rxf6 gxf6 36. Qxf6 Qd2 37. Ne6 Qd6+ 38. g3 1-0

[Event "DPMM 2023-24"]
[Site "Germany"]
[Date "2024.01.28"]
[Round "20.3"]
[White "Herter, Arne"]
[Black "Pixa, Richard"]
[Result "1/2-1/2"]
[ECO "C04"]
[WhiteElo "2050"]
[BlackElo "2049"]
[PlyCount "85"]
[EventDate "2024.03.14"]
[EventType "team-tourn"]
[EventCountry "GER"]
[TimeControl "40/6000:20/3000:0"]

1. e4 e6 2. d4 d5 3. Nd2 Nc6 4. c3 e5 5. exd5 Qxd5 6. Ngf3 exd4 7. Bc4 Qf5 8. O-O Be7 9. Re1 Nf6 10. Nxd4 Nxd4 11. cxd4 Be6 12. Bxe6 fxe6 13. Nf3 O-O-O 14. Re5 Qg6 15. Rxe6 Bd6 16. Qe2 Rhe8 17. h3 Qf5 18. Rxe8 Rxe8 19. Be3 Nd5 20. Nh4 Qe6 21. Qh5 Nxe3 22. Re1 Bf4 23. fxe3 Bg3 24. Rf1 Qxe3+ 25. Kh1 Qe1 26. Qf5+ Kb8 27. Qf3 g6 28. Kg1 a5 29. Qd3 Re3 30. Qc4 Re2 31. Qg8+ Ka7 32. Qf8 g5 33. Nf3 Bf2+ 34. Kh2 Bg3+ 35. Kg1 Bf2+ 36. Kh2 Qxf1 37. Qc5+ Kb8 38. Qf8+ Ka7 39. Qc5+ Ka6 40. Qc4+ Kb6 41. Qc5+ Ka6 42. Qc4+ Ka7 43. Qc5+ 1/2-1/2

[Event "DPMM 2023-24"]
[Site "Germany"]
[Date "2024.01.28"]
[Round "20.3"]
[White "Guenther, Joerg"]
[Black "Fedorchuk, Sergey A."]
[Result "0-1"]
[ECO "B07"]
[WhiteElo "1963"]
[BlackElo "2546"]
[PlyCount "96"]
[EventDate "2024.03.14"]
[EventType "team-tourn"]
[EventCountry "GER"]
[TimeControl "40/6000:20/3000:0"]

1. e4 d6 2. d4 Nf6 3. Nc3 e5 4. dxe5 dxe5 5. Qxd8+ Kxd8 6. Bc4 Ke8 7. Nf3 Bd6 8. Bg5 Nbd7 9. O-O a6 10. a3 h6 11. Bh4 b5 12. Bd5 Nxd5 13. Nxd5 f6 14. c4 Bb7 15. Nd2 Kf7 16. f3 c6 17. Ne3 Rhd8 18. b4 c5 19. Rab1 Bc6 20. Nb3 Rab8 21. Rfd1 Bf8 22. Na5 Ba8 23. Be1 bxc4 24. Nexc4 Ke6 25. Kf1 Rdc8 26. Ke2 g6 27. Rb2 Nb6 28. Nxb6 Rxb6 29. Rc1 Rcb8 30. Rcb1 f5 31. exf5+ gxf5 32. Nc4 R6b7 33. bxc5 Rxb2+ 34. Rxb2 Rxb2+ 35. Nxb2 Bxc5 36. Bb4 Bg1 37. h3 Bc6 38. Nd3 Bb5 39. Kd2 Kd5 40. g4 f4 41. Bf8 Be3+ 42. Kc3 e4 43. Nb4+ Ke6 44. Bxh6 exf3 45. Nd3 Kd5 46. g5 f2 47. Nxf2 Bxf2 48. g6 f3 0-1